[Event "FIDE WCCC Girls-10 2024"]
[Site "Montesilvano"]
[Date "2024.11.22"]
[Round "7.37"]
[White "Ritinioti, Sofia"]
[Black "Smilic, Nina"]
[Result "0-1"]
[Annotator "NA RC"]
[ECO "A45"]
[WhiteElo "1534"]
[BlackElo "1540"]
[PlyCount "172"]
[EventDate "2024.11.18"]
[EventType "swiss"]
[EventCountry "ITA"]
[SourceTitle "playchess.com"]
[Source "ChessBase"]
[SourceQuality "1"]
[TimeControl "5400+30"]

1. d4 Nf6 2. Bf4 c5 3. e3 Qb6 4. Nc3 d6 5. Nf3 g6 6. Rb1 Bg7 7. Be2 O-O 8. h3 Nbd7 9. O-O a6 10. dxc5 Nxc5 11. Qd2 Bf5 12. Bd3 Nfe4 13. Nxe4 Bxe4 14. Bxe4 Nxe4 15. Qe2 Rac8 16. c3 Rfd8 17. Rfd1 Qa5 18. Qc2 Nf6 19. a3 Qb6 20. e4 Nd7 21. Re1 Rc4 22. Rbd1 Qc6 23. Nd2 Rc5 24. Nb3 Rh5 25. Re2 Qc4 26. Rde1 Rb5 27. Nd2 Qc8 28. Nf3 Ne5 29. Nxe5 Bxe5 30. Bxe5 Rxe5 31. f4 Rc5 32. Qd2 Qc6 33. e5 Qb6 34. Qe3 dxe5 35. b4 Rc6 36. Qxb6 Rxb6 37. Rxe5 e6 38. R5e3 Rc6 39. a4 Rdc8 40. Rc1 Rc4 41. g3 Rxb4 42. cxb4 Rxc1+ 43. Kg2 Ra1 44. a5 Kf8 45. Kf3 Rc1 46. Rb3 Ke7 47. b5 Rc5 48. bxa6 bxa6 49. Ra3 Kd6 50. Ke3 Kc6 51. Kd4 Rd5+ 52. Kc4 Rc5+ 53. Kd4 Rd5+ 54. Kc4 Rb5 55. h4 h5 56. Ra4 Rd5 57. Ra3 Rc5+ 58. Kb4 Rb5+ 59. Kc4 Rd5 60. Kc3 Kb5 61. Ra1 Rc5+ 62. Kb3 Rc4 63. Ra2 Rb4+ 64. Kc3 Ra4 65. Rxa4 Kxa4 66. Kb2 Kxa5 67. Ka3 Kb5 68. Kb3 a5 69. Ka2 Ka4 70. Kb2 Kb4 71. Ka2 a4 72. Kb2 a3+ 73. Ka2 Ka4 74. Kb1 Kb3 75. Ka1 a2 76. f5 exf5 77. g4 f4 78. g5 Kc3 79. Kxa2 f3 80. Ka3 f2 81. Ka4 f1=Q 82. Ka5 Qb1 83. Ka6 Kc4 84. Ka7 Kc5 85. Ka8 Kc6 86. Ka7 Qb7# 0-1

[Event "FIDE WCCC Girls-10 2024"]
[Site "Montesilvano"]
[Date "2024.11.22"]
[Round "7.38"]
[White "Giss, Annika"]
[Black "Yang, Haeun"]
[Result "1-0"]
[Annotator "NA RC"]
[ECO "C79"]
[WhiteElo "1586"]
[BlackElo "1475"]
[PlyCount "43"]
[EventDate "2024.11.18"]
[EventType "swiss"]
[EventCountry "ITA"]
[SourceTitle "playchess.com"]
[Source "ChessBase"]
[SourceQuality "1"]
[TimeControl "5400+30"]

1. e4 e5 2. Nf3 Nc6 3. Bb5 d6 4. O-O Nf6 5. Re1 a6 6. Ba4 b5 7. Bb3 Bg4 8. h3 Bh5 9. c3 b4 10. Ba4 Qd7 11. d4 exd4 12. cxd4 O-O-O 13. d5 Kb8 14. Bxc6 Qc8 15. Qa4 Nd7 16. Qxb4+ Nb6 17. Be3 Ka7 18. a4 Qb8 19. a5 Bxf3 20. axb6+ cxb6 21. Rxa6+ Kxa6 22. Qa4# 1-0

[Event "FIDE WCCC Girls-10 2024"]
[Site "Montesilvano"]
[Date "2024.11.22"]
[Round "7.39"]
[White "Kocherha, Yelizavieta"]
[Black "Khelfallah, Ikhlas"]
[Result "0-1"]
[Annotator "NA RC"]
[ECO "C58"]
[WhiteElo "1523"]
[BlackElo "1449"]
[PlyCount "30"]
[EventDate "2024.11.18"]
[EventType "swiss"]
[EventCountry "ITA"]
[SourceTitle "playchess.com"]
[Source "ChessBase"]
[SourceQuality "1"]
[TimeControl "5400+30"]

1. e4 e5 2. Nf3 Nc6 3. Bc4 Nf6 4. Ng5 d5 5. exd5 Na5 6. Bb5+ Bd7 7. Bxd7+ Qxd7 8. Qf3 h6 9. Ne4 Nxd5 10. O-O Be7 11. Nbc3 Nxc3 12. Qxc3 Nc6 13. d3 O-O 14. h3 Nd4 15. Be3 Ne2+ 0-1

[Event "FIDE WCCC Girls-10 2024"]
[Site "Montesilvano"]
[Date "2024.11.22"]
[Round "7.40"]
[White "Babii, Oriiana"]
[Black "Ivanova, Darina"]
[Result "1-0"]
[Annotator "NA RC"]
[ECO "B76"]
[WhiteElo "1481"]
[BlackElo "1516"]
[PlyCount "117"]
[EventDate "2024.11.18"]
[EventType "swiss"]
[EventCountry "ITA"]
[SourceTitle "playchess.com"]
[Source "ChessBase"]
[SourceQuality "1"]
[TimeControl "5400+30"]

1. e4 c5 2. Nf3 Nc6 3. d4 cxd4 4. Nxd4 g6 5. Nc3 Bg7 6. Be3 Nf6 7. Qd2 O-O 8. Nb3 d6 9. f3 a5 10. a4 Be6 11. O-O-O Bxb3 12. cxb3 Rc8 13. Kb1 Nd7 14. Bh6 Nc5 15. Bxg7 Kxg7 16. h4 Nxb3 17. Qe3 f5 18. h5 f4 19. h6+ Kg8 20. Bc4+ Kh8 21. Qf2 Nbd4 22. g3 fxg3 23. Qxg3 Nxf3 24. Rh5 Nce5 25. Be6 Rxc3 26. bxc3 Qb6+ 27. Kc2 Qc6 28. Rd5 Qxa4+ 29. Kb2 Nc4+ 30. Kc1 b5 31. Rxb5 Qxb5 32. Rxb5 Nfe5 33. Bxc4 Nxc4 34. e5 Rf1+ 35. Kc2 Na3+ 36. Kd2 Nxb5 37. Qd3 Rf2+ 38. Ke3 Rb2 39. exd6 exd6 40. c4 a4 41. cxb5 Rb3 42. b6 Rxd3+ 43. Kxd3 a3 44. b7 Kg8 45. b8=Q+ Kf7 46. Qb3+ Kf6 47. Qxa3 Kg5 48. Ke4 d5+ 49. Kxd5 Kxh6 50. Qh3+ Kg7 51. Ke6 h5 52. Qe3 h4 53. Qd4+ Kh6 54. Qxh4+ Kg7 55. Ke7 Kg8 56. Kf6 g5 57. Qxg5+ Kf8 58. Qg7+ Ke8 59. Qe7# 1-0

[Event "FIDE WCCC Girls-10 2024"]
[Site "Montesilvano"]
[Date "2024.11.22"]
[Round "7.41"]
[White "Vitsiuk, Aleksandra"]
[Black "Kiss, Villo"]
[Result "1-0"]
[Annotator "NA RC"]
[ECO "B53"]
[WhiteElo "1476"]
[BlackElo "1492"]
[PlyCount "53"]
[EventDate "2024.11.18"]
[EventType "swiss"]
[EventCountry "ITA"]
[SourceTitle "playchess.com"]
[Source "ChessBase"]
[SourceQuality "1"]
[TimeControl "5400+30"]

1. e4 c5 2. Nf3 d6 3. d4 cxd4 4. Qxd4 Nc6 5. Bb5 Bd7 6. Bxc6 Bxc6 7. Nc3 e6 8. Bg5 Qa5 9. O-O-O e5 10. Qd3 g6 11. Nd2 Qc7 12. Nc4 f6 13. Be3 Rd8 14. f4 b5 15. Nd2 b4 16. Nb5 Bxb5 17. Qxb5+ Rd7 18. Qxb4 d5 19. Qa4 d4 20. Bf2 Ne7 21. fxe5 fxe5 22. Bh4 Nc6 23. Bf6 Rg8 24. Rhf1 Nb4 25. Qb3 d3 26. c3 Rf7 27. Qe6+ 1-0

[Event "FIDE WCCC Girls-10 2024"]
[Site "Montesilvano"]
[Date "2024.11.22"]
[Round "7.43"]
[White "Pambieri, Nicole"]
[Black "Kovacikova, Simona"]
[Result "1-0"]
[Annotator "NA RC"]
[ECO "A20"]
[WhiteElo "1482"]
[BlackElo "1412"]
[PlyCount "109"]
[EventDate "2024.11.18"]
[EventType "swiss"]
[EventCountry "ITA"]
[SourceTitle "playchess.com"]
[Source "ChessBase"]
[SourceQuality "1"]
[TimeControl "5400+30"]

1. c4 e5 2. g3 c6 3. Bg2 d5 4. cxd5 cxd5 5. d4 e4 6. Nc3 Bb4 7. Bd2 Bxc3 8. Bxc3 Nc6 9. e3 Nf6 10. Ne2 O-O 11. O-O Bf5 12. Nf4 Re8 13. Qb3 Qd7 14. Rfc1 Ne7 15. Ba5 b6 16. Bd2 Ng6 17. Nxg6 hxg6 18. a4 Bh3 19. a5 Bxg2 20. Kxg2 Qf5 21. axb6 Qf3+ 22. Kg1 axb6 23. Rxa8 Rxa8 24. Qxb6 Kh7 25. Qd6 Ra2 26. Bc3 g5 27. Qb8 Ng4 28. Rf1 Ra1 29. Qb5 Rc1 30. h3 Rxf1+ 31. Qxf1 Nf6 32. b4 g4 33. b5 Nd7 34. Ba5 Qf6 35. hxg4 Kg6 36. Qb1 Nb6 37. Qb4 Nc4 38. b6 Nxb6 39. Qxb6 Qxb6 40. Bxb6 Kg5 41. Kf1 Kxg4 42. Ke2 f6 43. Kd2 Kf3 44. Kc3 Kxf2 45. Kb4 Kxg3 46. Kc5 Kf3 47. Kxd5 g5 48. Ke6 Kxe3 49. d5+ Kf4 50. d6 g4 51. d7 e3 52. d8=Q e2 53. Qd2+ Kf3 54. Qe3+ Kg2 55. Qxe2+ 1-0

[Event "FIDE WCCC Girls-10 2024"]
[Site "Montesilvano"]
[Date "2024.11.22"]
[Round "7.45"]
[White "Damaso Tacoronte, Carolina"]
[Black "Song, Rina"]
[Result "0-1"]
[Annotator "NA RC"]
[ECO "B13"]
[WhiteElo "1875"]
[BlackElo "1599"]
[PlyCount "86"]
[EventDate "2024.11.18"]
[EventType "swiss"]
[EventCountry "ITA"]
[SourceTitle "playchess.com"]
[Source "ChessBase"]
[SourceQuality "1"]
[TimeControl "5400+30"]

1. e4 c6 2. d4 d5 3. exd5 cxd5 4. Nf3 Nf6 5. Ne5 g6 6. Nc3 Bg7 7. Be2 O-O 8. O-O Bf5 9. Bf4 Nbd7 $11 10. Nf3 a6 11. Nh4 Be6 12. Nf3 b5 13. a3 Qb6 14. b4 Rac8 15. Na2 a5 16. bxa5 Qxa5 17. Nb4 Ne4 18. Bd3 Ndf6 19. Bxe4 Nxe4 20. Ng5 Nxg5 21. Bxg5 Rfe8 22. h3 Rc3 23. Bc1 Bf5 24. Bb2 Rc4 25. Nxd5 Rxc2 26. Bc1 Be4 27. Nb4 Rc4 28. Be3 Qd8 29. Rc1 Rxc1 30. Qxc1 Bxd4 31. Rd1 e5 32. Bxd4 exd4 33. Nc6 Bxc6 34. Qxc6 Re5 35. Qb7 d3 36. Rxd3 Re1+ 37. Kh2 Qxd3 38. Qb8+ Kg7 39. a4 bxa4 40. Qb2+ Kh6 41. Qb4 Qe4 42. Qf8+ Kg5 43. Qxf7 Qf4+ 0-1

[Event "FIDE WCCC Girls-10 2024"]
[Site "Montesilvano"]
[Date "2024.11.23"]
[Round "8.1"]
[White "Tselmuun, Ider"]
[Black "Berikkyzy Alanna"]
[Result "1-0"]
[Annotator "RC"]
[ECO "B36"]
[WhiteElo "1846"]
[BlackElo "2043"]
[PlyCount "77"]
[EventDate "2024.11.18"]
[EventType "swiss"]
[EventCountry "ITA"]
[SourceTitle "playchess.com"]
[Source "ChessBase"]
[SourceQuality "1"]
[TimeControl "5400+30"]

1. e4 c5 2. Nf3 Nc6 3. d4 cxd4 4. Nxd4 g6 5. c4 Nf6 6. Nc3 d6 7. f3 Nxd4 8. Qxd4 Bg7 9. Be3 O-O 10. Qd2 Be6 11. Bh6 Rc8 12. Bxg7 Kxg7 13. b3 a6 14. Bd3 Qa5 15. Ne2 Qe5 16. O-O b5 17. cxb5 axb5 18. Qb4 Bd7 19. a4 bxa4 20. bxa4 d5 21. f4 Qh5 22. e5 Ng4 23. h3 Ne3 24. Rf3 Nc2 25. Bxc2 Rxc2 26. Nd4 Rc4 27. Qxe7 Rxd4 28. Qxd7 Qh6 29. e6 Rxf4 30. e7 Rxf3 31. exf8=Q+ Kxf8 32. Qd6+ Kg8 33. gxf3 Qe3+ 34. Kg2 Qd2+ 35. Kh1 Qf2 36. Qd8+ Kg7 37. Qxd5 Qg3 38. Qd4+ Kg8 39. Qg4 1-0

[Event "FIDE WCCC Girls-10 2024"]
[Site "Montesilvano"]
[Date "2024.11.23"]
[Round "8.2"]
[White "Cetin, Beren"]
[Black "Sholpanbek, Zhansaya"]
[Result "0-1"]
[Annotator "NA RC"]
[ECO "C50"]
[WhiteElo "1658"]
[BlackElo "1657"]
[PlyCount "62"]
[EventDate "2024.11.18"]
[EventType "swiss"]
[EventCountry "ITA"]
[SourceTitle "playchess.com"]
[Source "ChessBase"]
[SourceQuality "1"]
[TimeControl "5400+30"]

1. e4 e5 2. Nf3 Nc6 3. Bc4 Bc5 4. a3 d6 5. Nc3 Nf6 6. d3 a6 7. b4 Ba7 8. Bg5 h6 9. Bxf6 Qxf6 10. Nd5 Qd8 11. a4 O-O 12. Rg1 Be6 13. Qd2 Nd4 14. Nxd4 Bxd4 15. c3 Ba7 16. g4 c6 17. g5 cxd5 18. gxh6 g6 19. Ba2 Qh4 20. Rf1 dxe4 21. d4 exd4 22. cxd4 Bxa2 23. Rxa2 e3 24. Qd1 Rfe8 25. Ke2 exf2+ 26. Kf3 Qh3+ 27. Kxf2 Qxh2+ 28. Kf3 Qxa2 29. h7+ Kxh7 30. Rh1+ Kg8 31. Qd3 Qd5+ 0-1

[Event "FIDE WCCC Girls-10 2024"]
[Site "Montesilvano"]
[Date "2024.11.23"]
[Round "8.3"]
[White "Anistoroaei, Maria"]
[Black "Zhumambayeva Aliya"]
[Result "1-0"]
[Annotator "NA RC"]
[ECO "E32"]
[WhiteElo "1715"]
[BlackElo "1607"]
[PlyCount "148"]
[EventDate "2024.11.18"]
[EventType "swiss"]
[EventCountry "ITA"]
[SourceTitle "playchess.com"]
[Source "ChessBase"]
[SourceQuality "1"]
[TimeControl "5400+30"]

1. d4 Nf6 2. c4 e6 3. Nf3 Bb4+ 4. Nbd2 b6 5. e3 Bb7 6. a3 Bxd2+ 7. Qxd2 a5 8. b3 d6 9. Be2 Nbd7 10. Bb2 Ne4 11. Qc2 O-O 12. O-O f5 13. b4 Ndf6 14. Nd2 Nxd2 15. Qxd2 Ne4 16. Qd3 Qe7 17. b5 Ng5 18. f3 e5 19. dxe5 dxe5 20. Qc3 Rfe8 21. Rad1 f4 22. exf4 exf4 23. Rd2 Qe3+ 24. Qxe3 Rxe3 25. c5 bxc5 26. Bc4+ Kf8 27. Rd7 Re7 28. Rfd1 Rae8 29. Rxe7 Kxe7 30. Bxg7 Ne6 31. Be5 Rd8 32. Re1 Bd5 33. Bxd5 Rxd5 34. Bxc7 c4 35. Bxa5 Rxb5 36. Bb4+ Kf6 37. Rc1 Rb8 38. Rxc4 Rd8 39. h4 Rd1+ 40. Kh2 Rb1 41. a4 Kf7 42. Bd6 Ra1 43. Rb4 Ra2 44. Rb7+ Kf6 45. Ra7 Kf5 46. Ra5+ Kf6 47. Be5+ Kg6 48. Ra6 Kf5 49. Bh8 Ra3 50. a5 Ra2 51. Ra7 Kg6 52. a6 Ra5 53. Ra8 Kf7 54. Ra7+ Kg6 55. Kh3 h5 56. Ra8 Kf7 57. Bc3 Ra4 58. Be5 Ra5 59. Bd6 Ra1 60. Kh2 Ra4 61. a7 Ra6 62. Be5 Ra5 63. Rh8 Nf8 64. Bd6 Rxa7 65. Rxf8+ Kg6 66. Bxf4 Rf7 67. Rxf7 Kxf7 68. g4 Kg6 69. Kg3 hxg4 70. Kxg4 Kh7 71. Kg5 Kg7 72. Be5+ Kh7 73. f4 Kg8 74. Kg6 Kf8 1-0

[Event "FIDE WCCC Girls-10 2024"]
[Site "Montesilvano"]
[Date "2024.11.23"]
[Round "8.4"]
[White "Nguyen Doan, Bao Anh Angelina"]
[Black "Yunker, Alisa Genrietta"]
[Result "1-0"]
[Annotator "NA RC"]
[ECO "B40"]
[WhiteElo "1628"]
[BlackElo "1872"]
[PlyCount "95"]
[EventDate "2024.11.18"]
[EventType "swiss"]
[EventCountry "ITA"]
[SourceTitle "playchess.com"]
[Source "ChessBase"]
[SourceQuality "1"]
[TimeControl "5400+30"]

1. e4 c5 2. Nf3 e6 3. d4 cxd4 4. Nxd4 Nf6 5. Bd3 Nc6 6. Nxc6 dxc6 7. O-O e5 8. Nd2 Bc5 9. Nc4 Qc7 10. a4 Be6 11. Re1 O-O-O 12. Qe2 Bg4 13. Qf1 Nd7 14. Bd2 Be6 15. b4 Be7 16. Reb1 Kb8 17. Be3 Ka8 18. a5 c5 19. b5 Qc8 20. Nb6+ Nxb6 21. axb6 a6 22. bxa6 c4 23. axb7+ Kxb7 24. Ra7+ Kb8 25. Rba1 cxd3 26. Ra8+ Kb7 27. R1a7+ Kc6 28. Rxc8+ Rxc8 29. Rxe7 Kd6 30. Ra7 Bc4 31. cxd3 Bb5 32. Qb1 Bd7 33. Qb4+ Ke6 34. b7 Rc6 35. b8=Q Rxb8 36. Qxb8 Rd6 37. Qb3+ Kf6 38. f4 Kg6 39. fxe5 Re6 40. Rxd7 h6 41. Qb8 Kh7 42. Rxf7 Rg6 43. Rf8 Re6 44. Rh8+ Kg6 45. Rxh6+ gxh6 46. Qg8+ Kh5 47. Qxe6 Kh4 48. Qh3# 1-0

[Event "FIDE WCCC Girls-10 2024"]
[Site "Montesilvano"]
[Date "2024.11.23"]
[Round "8.5"]
[White "Yang, Aimee"]
[Black "Shtepa, Liubov"]
[Result "1-0"]
[Annotator "NA RC"]
[ECO "D31"]
[WhiteElo "1864"]
[BlackElo "1615"]
[PlyCount "83"]
[EventDate "2024.11.18"]
[EventType "swiss"]
[EventCountry "ITA"]
[SourceTitle "playchess.com"]
[Source "ChessBase"]
[SourceQuality "1"]
[TimeControl "5400+30"]

1. d4 d5 2. c4 e6 3. Nc3 Be7 4. cxd5 exd5 5. Bf4 c6 6. e3 Bf5 7. Bd3 Bxd3 8. Qxd3 Nd7 9. Nge2 Ngf6 10. h3 Nb6 11. O-O O-O 12. Rae1 Nc4 13. b3 Nd6 14. f3 Qd7 15. e4 dxe4 16. fxe4 Nh5 17. Bh2 g6 18. Rf3 Rad8 19. Ref1 Ng7 20. Kh1 Ne6 21. Rd1 Ng5 22. Rff1 Nc8 23. Qe3 Nb6 24. d5 cxd5 25. exd5 f5 26. d6 Bf6 27. a4 Rfe8 28. Qd2 Nf7 29. Nb5 Bg5 30. Qb2 Qe6 31. Ng1 Bf6 32. Qa3 Qd7 33. Nf3 Nc8 34. Rd2 Re3 35. Bg1 Re6 36. Bh2 Ncxd6 37. Nxd6 Nxd6 38. Rfd1 Be7 39. Bf4 h6 40. Qc5 g5 41. Be5 Rc8 42. Qd5 1-0

[Event "FIDE WCCC Girls-10 2024"]
[Site "Montesilvano"]
[Date "2024.11.23"]
[Round "8.6"]
[White "Nandinjiguur, Chinzorig"]
[Black "Pham, Nhu Y"]
[Result "1-0"]
[Annotator "RC"]
[ECO "E19"]
[WhiteElo "1807"]
[BlackElo "1914"]
[PlyCount "167"]
[EventDate "2024.11.18"]
[EventType "swiss"]
[EventCountry "ITA"]
[SourceTitle "playchess.com"]
[Source "ChessBase"]
[SourceQuality "1"]
[TimeControl "5400+30"]

1. d4 Nf6 2. c4 e6 3. Nf3 b6 4. g3 Bb7 5. Bg2 Be7 6. O-O O-O 7. Nc3 Ne4 8. Qc2 Nxc3 9. Qxc3 Bf6 10. Qd3 d5 11. Bf4 c5 12. cxd5 exd5 13. dxc5 bxc5 14. Qc2 Na6 15. Rfd1 Qb6 16. Be5 Rfe8 17. Qf5 Qe6 18. Qxe6 Rxe6 19. Bxf6 gxf6 20. e3 Rd8 21. Rd2 Rb6 22. Rad1 Nc7 23. Nh4 Kf8 24. Rc2 Ne6 25. f4 Rb5 26. Bf1 Ra5 27. a3 d4 28. Rcd2 Be4 29. f5 Ng5 30. exd4 Nf3+ 31. Nxf3 Bxf3 32. dxc5 Rxd2 33. Rxd2 Rxc5 34. Bh3 Be4 35. g4 Kg7 36. Kf2 h5 37. Ke3 Re5 38. Kf4 Bb1 39. Rd1 Bc2 40. Rd2 Bb1 41. gxh5 Re4+ 42. Kf3 Re5 43. Re2 Rb5 44. Kf4 Rc5 45. Re1 Bc2 46. Rf1 Kh6 47. Bg4 Re5 48. Kg3 Bd3 49. Rf2 Re4 50. Rd2 Bc4 51. Rd6 Kg7 52. h6+ Kxh6 53. Bf3 Re5 54. Rxf6+ Kg7 55. Rc6 Bd3 56. f6+ Kg6 57. h4 Rf5 58. b4 Rxf6 59. Rxf6+ Kxf6 60. Kf4 Bb5 61. Bd1 a6 62. a4 Bc6 63. Be2 Bb7 64. a5 Kg6 65. b5 axb5 66. Bxb5 Kh5 67. Kg3 f5 68. Be8+ Kh6 69. Kf4 Bc8 70. h5 Kg7 71. Kg5 Kh7 72. Bg6+ Kg7 73. Bxf5 Ba6 74. h6+ Kf7 75. Bg6+ Kg8 76. Kf6 Bb7 77. Ke5 Ba6 78. Kd6 Bf1 79. Kc6 Kh8 80. Kb6 Kg8 81. Be8 Kf8 82. Bb5 Bg2 83. a6 Kf7 84. a7 1-0

[Event "FIDE WCCC Girls-10 2024"]
[Site "Montesilvano"]
[Date "2024.11.23"]
[Round "8.7"]
[White "Ahmadli, Mehriban"]
[Black "Filippova, Milana"]
[Result "0-1"]
[Annotator "NA RC"]
[ECO "C97"]
[WhiteElo "1624"]
[BlackElo "1687"]
[PlyCount "132"]
[EventDate "2024.11.18"]
[EventType "swiss"]
[EventCountry "ITA"]
[SourceTitle "playchess.com"]
[Source "ChessBase"]
[SourceQuality "1"]
[TimeControl "5400+30"]

1. e4 e5 2. Nf3 Nc6 3. Bb5 a6 4. Ba4 Nf6 5. O-O Be7 6. Re1 b5 7. Bb3 d6 8. c3 O-O 9. h3 Na5 10. Bc2 c5 11. d4 Qc7 12. d5 Bd7 13. Nbd2 c4 14. Nf1 Nb7 15. Ng3 g6 16. Be3 Nc5 17. Bxc5 Qxc5 18. Qd2 Rfb8 19. a3 a5 20. Red1 Ne8 21. Kh2 Ra7 22. Ng1 Rab7 23. f4 b4 24. fxe5 dxe5 25. Nf3 bxa3 26. bxa3 f6 27. h4 Rb2 28. h5 Kg7 29. a4 Nd6 30. Re1 Nf7 31. Reb1 Rxb1 32. Rxb1 Rxb1 33. Bxb1 Bxa4 34. hxg6 hxg6 35. Ba2 Nh6 36. Qe2 Ng4+ 37. Kh1 Bb5 38. Nh4 Nh6 39. Nf3 Bd8 40. Qd2 Ng4 41. Nf1 Nf2+ 42. Kh2 Nxe4 43. Qc2 f5 44. Bb1 Qxd5 45. Ne3 Qc5 46. Qc1 Bb6 47. Nf1 Bc6 48. N1d2 Nxd2 49. Qxd2 Bxf3 50. gxf3 Qg1+ 51. Kh3 Qh1+ 52. Qh2 Qxf3+ 53. Qg3 Qxg3+ 54. Kxg3 a4 55. Ba2 Ba5 56. Bxc4 Bxc3 57. Kf3 g5 58. Be6 Kf6 59. Ba2 g4+ 60. Kg3 Kg5 61. Bb1 f4+ 62. Kf2 Bd4+ 63. Kg2 a3 64. Ba2 e4 65. Kf1 g3 66. Bb1 f3 0-1

[Event "FIDE WCCC Girls-10 2024"]
[Site "Montesilvano"]
[Date "2024.11.23"]
[Round "8.8"]
[White "Pooja Shree R"]
[Black "Wang, Yi Xuan"]
[Result "1-0"]
[Annotator "NA RC"]
[ECO "B35"]
[WhiteElo "1615"]
[BlackElo "1668"]
[PlyCount "193"]
[EventDate "2024.11.18"]
[EventType "swiss"]
[EventCountry "ITA"]
[SourceTitle "playchess.com"]
[Source "ChessBase"]
[SourceQuality "1"]
[TimeControl "5400+30"]

1. e4 c5 2. Nf3 g6 3. d4 cxd4 4. Nxd4 Bg7 5. Nc3 Nc6 6. Be3 Nf6 7. f3 O-O 8. Bc4 Qb6 9. Bb3 Nxe4 10. Nd5 Qa5+ 11. c3 Nf6 12. Nxc6 dxc6 13. Nxe7+ Kh8 14. Nxc8 Raxc8 15. O-O Rcd8 16. Qc1 a6 17. Re1 Nd5 18. Bh6 Rfe8 19. Rxe8+ Rxe8 20. Bxg7+ Kxg7 21. Qd2 Qc5+ 22. Kh1 Qe3 23. Qxe3 Rxe3 24. Bxd5 cxd5 25. Kg1 Re2 26. Rb1 f5 27. a4 Rc2 28. f4 Kf6 29. h4 Ke6 30. Kh2 h5 31. Re1+ Kd6 32. Re8 Rxb2 33. Rg8 Ra2 34. Rxg6+ Ke7 35. Rg7+ Kf6 36. Rxb7 Rxa4 37. Rb6+ Kg7 38. Kg3 Ra3 39. Kf2 a5 40. Rb5 Rxc3 41. Rxd5 a4 42. Rxf5 Kg6 43. Rg5+ Kh6 44. Ra5 a3 45. Ra6+ Kg7 46. Ra5 Rc2+ 47. Kf3 a2 48. g3 Kf6 49. Ke3 Rg2 50. Kf3 Rc2 51. Ra6+ Kf5 52. Ra5+ Kf6 53. g4 Rc3+ 54. Ke4 hxg4 55. Ra6+ Kf7 56. Rxa2 Rc4+ 57. Kf5 Rc1 58. Kxg4 Rg1+ 59. Kf5 Rh1 60. Ra7+ Kg8 61. h5 Rh2 62. Kg6 Rg2+ 63. Kh6 Rf2 64. Kg5 Rg2+ 65. Kf6 Rh2 66. f5 Rh1 67. Rg7+ Kh8 68. Ra7 Kg8 69. Ra4 Rh2 70. Kg5 Rg2+ 71. Rg4 Rf2 72. Kg6 Rf1 73. h6 Rf2 74. Rg5 Rf1 75. f6 Kh8 76. Rf5 Rg1+ 77. Kf7 Kh7 78. Rh5 Re1 79. Kf8 Re2 80. Rh1 Re3 81. f7 Re2 82. Rg1 Re3 83. Rg7+ Kh8 84. Rg1 Kh7 85. Ra1 Re2 86. Ra6 Re1 87. Ra8 Re2 88. Re8 Rf2 89. Ke7 Re2+ 90. Kd6 Rd2+ 91. Kc5 Rc2+ 92. Kd4 Rd2+ 93. Ke3 Rd6 94. f8=Q Re6+ 95. Kd4 Rd6+ 96. Kc5 Rxh6 97. Qg8# 1-0

[Event "FIDE WCCC Girls-10 2024"]
[Site "Montesilvano"]
[Date "2024.11.23"]
[Round "8.9"]
[White "Isakhanyan, Nare"]
[Black "Peng, Jingyi(Gd)"]
[Result "0-1"]
[Annotator "NA RC"]
[ECO "D36"]
[WhiteElo "1540"]
[BlackElo "1720"]
[PlyCount "104"]
[EventDate "2024.11.18"]
[EventType "swiss"]
[EventCountry "ITA"]
[SourceTitle "playchess.com"]
[Source "ChessBase"]
[SourceQuality "1"]
[TimeControl "5400+30"]

1. d4 Nf6 2. c4 e6 3. Nc3 d5 4. cxd5 exd5 5. Bg5 Be7 6. e3 c6 7. Bd3 O-O 8. Qc2 h6 9. Bh4 Be6 10. Nf3 Nbd7 11. O-O Rc8 12. Ne5 Nxe5 13. dxe5 Nd7 14. Bxe7 Qxe7 15. f4 f5 16. Ne2 c5 17. Ng3 Qf7 18. Rfd1 a6 19. a4 c4 20. Be2 Nc5 21. Bf3 Nb3 22. Rab1 Rc5 23. Ne2 b5 24. axb5 axb5 25. Nd4 Nxd4 26. Rxd4 Ra8 27. Qd2 Kh7 28. Rd1 Qa7 29. h3 Qb6 30. Kh2 Ra2 31. Qc1 Qb7 32. b4 Rc8 33. Qb1 Ra3 34. Bxd5 Bxd5 35. Rxd5 Rf8 36. e6 Rf6 37. Rxf5 Rg6 38. e4 Rd3 39. Re5 Qb6 40. Rxd3 Qf2 41. Qg1 Qxf4+ 42. g3 Qxe5 43. Rd5 Qxe4 44. Rxb5 c3 45. Qg2 Qxe6 46. Rc5 Qb3 47. b5 Qb4 48. Rc7 Qb2 49. Kh1 Re6 50. Qf1 Qc2 51. Rxc3 Qxc3 52. Qf5+ Rg6 0-1

[Event "FIDE WCCC Girls-10 2024"]
[Site "Montesilvano"]
[Date "2024.11.23"]
[Round "8.10"]
[White "Bakhshi, Rana"]
[Black "Yi, Ruiyu"]
[Result "1-0"]
[Annotator "NA RC"]
[ECO "D36"]
[WhiteElo "1727"]
[BlackElo "1571"]
[PlyCount "109"]
[EventDate "2024.11.18"]
[EventType "swiss"]
[EventCountry "ITA"]
[SourceTitle "playchess.com"]
[Source "ChessBase"]
[SourceQuality "1"]
[TimeControl "5400+30"]

1. d4 d5 2. c4 e6 3. Nc3 Nf6 4. cxd5 exd5 5. Bg5 Be7 6. Qc2 c6 7. e3 h6 8. Bh4 Nbd7 9. Bd3 a5 10. a4 O-O 11. Nge2 Ne8 12. Bxe7 Qxe7 13. O-O Nd6 14. Ng3 Nf6 15. Rae1 Be6 16. f3 Qd7 17. Qf2 b5 18. h3 b4 19. Nb1 Rac8 20. e4 dxe4 21. fxe4 Bc4 22. Bxc4 Nxc4 23. e5 Nd5 24. b3 Ncb6 25. Nd2 Nc3 26. Nf5 Kh7 27. Ne4 Nxe4 28. Rxe4 Qe6 29. Qh4 Nd5 30. Rg4 Rg8 31. Rf3 g5 32. Qf2 Nf4 33. Nd6 Rc7 34. Qc2+ Qg6 35. Ne4 Nd5 36. h4 Kh8 37. hxg5 h5 38. Rh4 Rg7 39. g4 Rh7 40. gxh5 Rxh5 41. Rxh5+ Qxh5 42. Qg2 Qg6 43. Rh3+ Kg7 44. Rh6 Qf5 45. Rh4 Ne3 46. Qe2 Nd5 47. Nf6 Nc3 48. Qf1 Qxf1+ 49. Kxf1 Kg6 50. Rh7 Kxg5 51. Rg7+ Kf4 52. e6 Rc8 53. Rxf7 Kg5 54. e7 Nxa4 55. Rf8 1-0

[Event "FIDE WCCC Girls-10 2024"]
[Site "Montesilvano"]
[Date "2024.11.23"]
[Round "8.11"]
[White "Khusnitdinova, Husnorakhon"]
[Black "Tran Hoang Bao An"]
[Result "1-0"]
[Annotator "NA RC"]
[ECO "B22"]
[WhiteElo "1626"]
[BlackElo "1714"]
[PlyCount "105"]
[EventDate "2024.11.18"]
[EventType "swiss"]
[EventCountry "ITA"]
[SourceTitle "playchess.com"]
[Source "ChessBase"]
[SourceQuality "1"]
[TimeControl "5400+30"]

1. e4 c5 2. Nf3 e6 3. c3 d5 4. exd5 Qxd5 5. d4 Nf6 6. Be3 cxd4 7. cxd4 Bb4+ 8. Nc3 O-O 9. Bd3 Nc6 10. O-O Qh5 11. Be2 Qa5 12. Qc2 a6 13. Bd3 h6 14. Rad1 Bd6 15. a3 Qc7 16. Rfe1 Ng4 17. h3 Nxe3 18. fxe3 Bd7 19. Ne4 Be7 20. Rf1 Rac8 21. Qb1 f5 22. Nc3 Bd6 23. Qa2 Kh8 24. Nh4 Ne7 25. Rc1 Qb8 26. Qb1 Bg3 27. Nf3 Bc6 28. Qc2 Nd5 29. Qe2 Nf6 30. Na2 Be4 31. Bc4 Qd6 32. Nb4 b5 33. Bb3 Rfe8 34. Nd3 Qe7 35. Nde5 Kh7 36. Qd2 Nd7 37. Nd3 Bd6 38. Rxc8 Rxc8 39. Rc1 Rxc1+ 40. Nxc1 Nb6 41. Ne2 Nd5 42. Kf2 Bb8 43. Qc1 Bxf3 44. Kxf3 Qb7 45. Kf2 Bd6 46. Qc2 Be7 47. Bxd5 Qxd5 48. Nf4 Qd7 49. Qb3 e5 50. dxe5 Qd2+ 51. Kf3 g5 52. Qf7+ Kh8 53. Ng6# 1-0

[Event "FIDE WCCC Girls-10 2024"]
[Site "Montesilvano"]
[Date "2024.11.23"]
[Round "8.12"]
[White "Rekhviashvili, Mariam"]
[Black "Meng, Miranda"]
[Result "1/2-1/2"]
[Annotator "NA RC"]
[ECO "B15"]
[WhiteElo "1610"]
[BlackElo "1675"]
[PlyCount "81"]
[EventDate "2024.11.18"]
[EventType "swiss"]
[EventCountry "ITA"]
[SourceTitle "playchess.com"]
[Source "ChessBase"]
[SourceQuality "1"]
[TimeControl "5400+30"]

1. e4 c6 2. d4 d5 3. Nc3 dxe4 4. Nxe4 Nf6 5. Nxf6+ exf6 6. c3 Bd6 7. Bd3 O-O 8. Qc2 Re8+ 9. Ne2 h5 10. O-O h4 11. h3 Be6 12. Be3 Nd7 13. Rad1 Nf8 14. c4 Rc8 15. Nc3 Bb8 16. Ne2 b5 17. b3 a6 18. Qd2 Qe7 19. Rfe1 g6 20. Bf4 Qb7 21. Bxb8 Qxb8 22. Qf4 Qxf4 23. Nxf4 Kg7 24. Ne2 Red8 25. Rc1 g5 26. d5 bxc4 27. Bxc4 cxd5 28. Bxa6 Ra8 29. Rc6 Ra7 30. a4 Rb8 31. Nd4 Bd7 32. Rd6 Ne6 33. Nb5 Bxb5 34. Bxb5 Nc7 35. Bf1 Rxb3 36. Rd7 Rc3 37. Ree7 Rc1 38. Rxf7+ Kg8 39. Rg7+ Kf8 40. Rgf7+ Ke8 41. Rfe7+ 1/2-1/2